[ AOE2 MATCH · #496002395 ]
UnrankedChinese vs Khmer
Player's team · WIN
Rival team · LOSS
[ REPLAY ANALYSIS · EXTRACTED FROM THE RECORDED GAME ]
Feudal
10:48
Castle
14:29
Imperial
29:12
| APM avg | 45.3 |
| APM peak | 84 |
| eAPM avg | 26.7 |
| Villagers / military | 158 / 184 |
Focus
⚔️ 38.6% · 🌾 61.4%
Fire Lancer ×82 · Archer ×69 · Militia ×13 · Cavalry Archer ×12 · Trebuchet (Packed) ×5 · Monk ×3
Feudal
8:15
Castle
14:57
Imperial
30:46
| APM avg | 65.9 |
| APM peak | 130 |
| eAPM avg | 43.9 |
| Villagers / military | 212 / 202 |
Focus
⚔️ 47.3% · 🌾 52.7%
Skirmisher ×135 · Hand Cannoneer ×38 · Knight ×16 · Cavalry Archer ×9 · Scout Cavalry ×3 · Monk ×1
Match map
Initial resources + every placement click. Lines = walls · curves = elevation contours. ◆ gold · ⬟ stone · ● berries · ✦ relic · ◌ wall gap
Your base· Open — 13t gap
DGHIR | Agente P1T0 007 Cm's base· Open — 6t gap
Smoothed initial terrain · ◌ = detected wall gap · hover for details
Inputs per minute
— Ferman - - DGHIR | Agente P1T0 007 Cm
Build order — Ferman
First 150 of 528 actions detected
| 0:02 | Build | Town Center |
| 1:02 | Research | Loom |
| 1:30 | Queue | Villager (Male) |
| 1:53 | Queue | Villager (Male) |
| 1:53 | Queue | Villager (Male) |
| 2:03 | Build | Lumber Camp |
| 2:15 | Queue | Villager (Male) |
| 2:15 | Queue | Villager (Male) |
| 2:36 | Queue | Villager (Male) |
| 2:45 | Queue | Villager (Male) |
| 3:24 | Queue | Villager (Male) |
| 3:36 | Queue | Villager (Male) |
| 4:11 | Queue | Villager (Male) |
| 4:29 | Queue | Villager (Male) |
| 4:29 | Queue | Villager (Male) |
| 4:46 | Build | House |
| 4:58 | Queue | Villager (Male) |
| 4:58 | Queue | Villager (Male) |
| 5:10 | Queue | Villager (Male) |
| 5:16 | Build | Palisade Wall |
| 5:35 | Queue | Villager (Male) |
| 5:54 | Build | Palisade Wall |
| 5:56 | Queue | Villager (Male) |
| 6:07 | Build | Palisade Wall |
| 6:08 | Build | Palisade Wall |
| 6:12 | Build | Palisade Wall |
| 6:12 | Build | Palisade Wall |
| 6:23 | Build | Palisade Wall |
| 6:37 | Queue | Villager (Male) |
| 6:47 | Queue | Villager (Male) |
| 6:52 | Queue | Villager (Male) |
| 6:56 | Build | Mill |
| 6:58 | Queue | Villager (Male) |
| 7:14 | Queue | Villager (Male) |
| 7:32 | Build | Palisade Wall |
| 7:34 | Queue | Villager (Male) |
| 7:38 | Build | Palisade Wall |
| 7:43 | Build | Farm |
| 7:44 | Build | Farm |
| 7:51 | Build | Mining Camp |
| 8:35 | Build | Palisade Wall |
| 8:36 | Build | Palisade Wall |
| 8:38 | Research | Feudal Age |
| 8:48 | Build | Palisade Wall |
| 9:00 | Build | Barracks |
| 10:48 | Age | Feudal Age |
| 10:49 | Build | Market |
| 10:50 | Queue | Villager (Male) |
| 10:51 | Build | Blacksmith |
| 11:10 | Queue | Villager (Male) |
| 11:49 | Research | Castle Age |
| 12:19 | Research | Double-Bit Axe |
| 12:22 | Build | Farm |
| 12:23 | Build | Farm |
| 12:35 | Build | Farm |
| 12:36 | Build | Farm |
| 12:52 | Build | Farm |
| 12:52 | Build | Farm |
| 13:03 | Build | Farm |
| 13:22 | Build | Outpost |
| 14:01 | Build | Outpost |
| 14:13 | Research | Horse Collar |
| 14:28 | Research | Town Watch |
| 14:29 | Age | Castle Age |
| 14:31 | Build | House |
| 14:32 | Queue | Fire Lancer |
| 14:32 | Queue | Villager (Male) |
| 14:33 | Queue | Villager (Male) |
| 14:36 | Build | Palisade Wall |
| 14:37 | Build | Palisade Wall |
| 14:52 | Queue | Villager (Male) |
| 14:56 | Build | Town Center |
| 14:59 | Queue | Fire Lancer |
| 15:04 | Queue | Villager (Male) |
| 15:20 | Build | Monastery |
| 15:41 | Queue | Fire Lancer |
| 15:47 | Queue | Villager (Male) |
| 15:53 | Research | Bow Saw |
| 15:53 | Research | Bow Saw |
| 16:07 | Queue | Monk |
| 16:21 | Build | Outpost |
| 16:25 | Queue | Villager (Male) |
| 16:28 | Queue | Villager (Male) |
| 16:29 | Build | Farm |
| 16:29 | Build | Farm |
| 16:29 | Build | Farm |
| 16:29 | Build | Farm |
| 16:43 | Queue | Villager (Male) |
| 16:46 | Queue | Monk |
| 16:54 | Build | Farm |
| 16:56 | Build | Farm |
| 17:04 | Queue | Villager (Male) |
| 17:08 | Build | Farm |
| 17:20 | Queue | Villager (Male) |
| 17:31 | Build | Outpost |
| 17:36 | Queue | Villager (Male) |
| 17:37 | Build | Farm |
| 17:38 | Build | Farm |
| 17:52 | Queue | Villager (Male) |
| 18:00 | Queue | Villager (Male) |
| 18:15 | Build | Outpost |
| 18:17 | Queue | Villager (Male) |
| 18:23 | Build | Town Center |
| 18:25 | Build | Farm |
| 18:25 | Build | Farm |
| 18:25 | Build | Farm |
| 18:36 | Queue | Villager (Male) |
| 18:39 | Queue | Villager (Male) |
| 18:44 | Queue | Villager (Male) |
| 18:45 | Queue | Villager (Male) |
| 18:47 | Build | Farm |
| 18:53 | Queue | Villager (Male) |
| 19:00 | Build | Outpost |
| 19:05 | Queue | Villager (Male) |
| 19:10 | Build | Farm |
| 19:10 | Build | Farm |
| 19:10 | Build | Farm |
| 19:10 | Build | Farm |
| 19:21 | Queue | Villager (Male) |
| 19:29 | Queue | Villager (Male) |
| 19:40 | Build | Outpost |
| 19:41 | Queue | Villager (Male) |
| 19:46 | Queue | Villager (Male) |
| 19:52 | Build | Farm |
| 19:53 | Build | Farm |
| 19:53 | Build | Farm |
| 19:53 | Build | Farm |
| 19:53 | Build | Farm |
| 20:07 | Queue | Villager (Male) |
| 20:08 | Queue | Villager (Male) |
| 20:14 | Queue | Villager (Male) |
| 20:19 | Queue | Villager (Male) |
| 20:21 | Build | Farm |
| 20:23 | Build | Farm |
| 20:29 | Build | Mining Camp |
| 20:39 | Queue | Villager (Male) |
| 20:43 | Queue | Villager (Male) |
| 21:01 | Research | Wheelbarrow |
| 21:01 | Research | Wheelbarrow |
| 21:17 | Queue | Villager (Male) |
| 21:18 | Queue | Villager (Male) |
| 21:18 | Queue | Villager (Male) |
| 21:21 | Build | Palisade Wall |
| 21:25 | Build | Palisade Wall |
| 21:26 | Build | Palisade Wall |
| 21:30 | Build | Palisade Wall |
| 21:33 | Queue | Villager (Male) |
| 21:33 | Queue | Villager (Male) |
| 21:39 | Queue | Villager (Male) |
| 21:42 | Queue | Monk |
Build order — DGHIR | Agente P1T0 007 Cm
First 150 of 523 actions detected
| 0:02 | Build | Town Center |
| 1:03 | Queue | Villager (Male) |
| 1:03 | Queue | Villager (Male) ×3 |
| 1:41 | Queue | Villager (Male) |
| 2:21 | Queue | Villager (Male) |
| 2:47 | Queue | Villager (Male) |
| 3:04 | Queue | Villager (Male) |
| 3:07 | Queue | Villager (Male) |
| 3:24 | Queue | Villager (Male) |
| 3:24 | Queue | Villager (Male) |
| 3:24 | Queue | Villager (Male) |
| 4:04 | Build | Lumber Camp |
| 4:40 | Build | Mill |
| 5:36 | Queue | Villager (Male) |
| 6:05 | Research | Feudal Age |
| 7:15 | Build | House |
| 7:41 | Queue | Villager (Male) |
| 8:15 | Age | Feudal Age |
| 8:16 | Build | Stable |
| 8:17 | Build | House |
| 8:18 | Build | House |
| 8:21 | Build | House |
| 8:25 | Research | Double-Bit Axe |
| 8:35 | Queue | Villager (Male) |
| 8:36 | Queue | Villager (Male) |
| 8:48 | Queue | Villager (Male) |
| 8:55 | Queue | Villager (Male) |
| 8:57 | Queue | Scout Cavalry |
| 8:57 | Queue | Scout Cavalry |
| 9:25 | Build | Mill |
| 9:36 | Queue | Villager (Male) |
| 9:49 | Build | Mill |
| 10:05 | Queue | Villager (Male) |
| 10:39 | Build | Mining Camp |
| 11:19 | Queue | Villager (Male) |
| 11:23 | Build | House |
| 11:32 | Queue | Villager (Male) |
| 12:07 | Build | Mill |
| 12:17 | Research | Castle Age |
| 13:38 | Queue | Scout Cavalry |
| 14:15 | Queue | Villager (Male) |
| 14:23 | Build | House |
| 14:24 | Build | House |
| 14:57 | Age | Castle Age |
| 15:01 | Build | Town Center |
| 15:08 | Build | Town Center |
| 15:09 | Queue | Villager (Male) |
| 15:14 | Research | Loom |
| 15:14 | Queue | Villager (Male) |
| 16:21 | Queue | Villager (Male) |
| 16:24 | Research | Bow Saw |
| 16:25 | Queue | Villager (Male) |
| 16:32 | Queue | Villager (Male) |
| 16:32 | Queue | Villager (Male) |
| 16:32 | Queue | Villager (Male) |
| 16:43 | Queue | Villager (Male) |
| 16:43 | Queue | Villager (Male) |
| 16:47 | Queue | Villager (Male) |
| 16:50 | Research | Horse Collar |
| 16:56 | Queue | Villager (Male) |
| 17:08 | Queue | Villager (Male) |
| 17:25 | Build | Farm |
| 17:26 | Build | Farm |
| 17:26 | Build | Farm |
| 17:26 | Build | Farm |
| 17:26 | Build | Farm |
| 17:27 | Build | Farm |
| 17:35 | Build | Archery Range |
| 17:39 | Queue | Villager (Male) |
| 17:43 | Build | Lumber Camp |
| 17:47 | Queue | Villager (Male) |
| 17:48 | Queue | Villager (Male) ×5 |
| 17:48 | Queue | Villager (Male) ×5 |
| 17:59 | Queue | Villager (Male) ×2 |
| 17:59 | Queue | Villager (Male) ×2 |
| 18:32 | Build | Town Center |
| 18:35 | Queue | Villager (Male) ×2 |
| 18:35 | Queue | Villager (Male) ×2 |
| 18:39 | Queue | Cavalry Archer |
| 18:53 | Build | House |
| 19:01 | Build | House |
| 19:01 | Build | House |
| 19:01 | Build | House |
| 19:02 | Build | House |
| 19:03 | Build | House |
| 19:04 | Build | House |
| 19:05 | Build | House |
| 19:10 | Queue | Cavalry Archer |
| 19:16 | Queue | Villager (Male) ×2 |
| 19:16 | Queue | Villager (Male) ×2 |
| 19:35 | Queue | Villager (Male) |
| 19:36 | Build | Farm |
| 19:36 | Build | Farm |
| 19:36 | Build | Farm |
| 19:36 | Build | Farm |
| 19:37 | Build | Farm |
| 19:37 | Build | Farm |
| 19:53 | Queue | Cavalry Archer |
| 20:17 | Queue | Cavalry Archer |
| 20:34 | Queue | Villager (Male) ×4 |
| 20:34 | Queue | Villager (Male) ×4 |
| 20:36 | Build | Farm |
| 20:36 | Build | Farm |
| 20:36 | Build | Farm |
| 20:37 | Build | Farm |
| 20:37 | Build | Farm |
| 20:37 | Build | Farm |
| 20:37 | Build | Farm |
| 20:38 | Build | Farm |
| 20:43 | Queue | Villager (Male) |
| 20:57 | Queue | Villager (Male) |
| 20:58 | Queue | Villager (Male) |
| 21:09 | Queue | Villager (Male) |
| 21:15 | Queue | Villager (Male) |
| 21:15 | Queue | Villager (Male) |
| 21:21 | Queue | Villager (Male) |
| 21:21 | Queue | Villager (Male) |
| 21:21 | Queue | Villager (Male) |
| 21:23 | Build | Farm |
| 21:24 | Build | Farm |
| 21:24 | Build | Farm |
| 21:24 | Build | Farm |
| 21:24 | Build | Farm |
| 21:24 | Build | Farm |
| 21:25 | Build | Farm |
| 21:36 | Queue | Cavalry Archer |
| 21:40 | Queue | Villager (Male) |
| 21:40 | Queue | Villager (Male) |
| 21:40 | Queue | Villager (Male) |
| 21:44 | Build | Farm |
| 21:44 | Build | Farm |
| 21:44 | Build | Farm |
| 21:53 | Queue | Villager (Male) |
| 21:53 | Queue | Villager (Male) |
| 21:59 | Build | Monastery |
| 22:05 | Queue | Villager (Male) ×2 |
| 22:05 | Queue | Villager (Male) ×2 |
| 22:07 | Build | Farm |
| 22:08 | Build | Farm |
| 22:17 | Queue | Villager (Male) |
| 22:18 | Queue | Villager (Male) |
| 22:30 | Queue | Cavalry Archer |
| 22:31 | Queue | Villager (Male) ×3 |
| 22:44 | Queue | Monk |
| 22:57 | Queue | Villager (Male) ×4 |
| 22:57 | Queue | Villager (Male) ×4 |
| 22:58 | Queue | Villager (Male) |
| 23:07 | Build | Town Center |
| 23:11 | Queue | Villager (Male) ×2 |
| 23:16 | Build | Farm |
Match timeline
| 5:16 | Ferman · wall_segment Palisade Wall x9 |
| 5:54 | Ferman · wall_segment Palisade Wall x9 |
| 6:07 | Ferman · wall_segment Palisade Wall x1 |
| 6:08 | Ferman · wall_segment Palisade Wall x1 |
| 6:12 | Ferman · wall_segment Palisade Wall x1 |
| 6:12 | Ferman · wall_segment Palisade Wall x1 |
| 6:23 | Ferman · wall_segment Palisade Wall x3 |
| 7:32 | Ferman · wall_segment Palisade Wall x1 |
| 7:38 | Ferman · wall_segment Palisade Wall x5 |
| 8:15 | DGHIR | Agente P1T0 007 Cm · age_up feudal |
| 8:16 | DGHIR | Agente P1T0 007 Cm · first_building Stable |
| 8:35 | Ferman · wall_segment Palisade Wall x1 |
| 8:36 | Ferman · wall_segment Palisade Wall x1 |
| 8:48 | Ferman · wall_segment Palisade Wall x1 |
| 9:00 | Ferman · first_building Barracks |
| 10:48 | Ferman · age_up feudal |
| 12:49 | Ferman · first_market_buy 100 wood |
| 14:29 | Ferman · age_up castle |
| 14:36 | Ferman · wall_segment Palisade Wall x1 |
| 14:37 | Ferman · wall_segment Palisade Wall x1 |
| 14:57 | DGHIR | Agente P1T0 007 Cm · age_up castle |
| 15:20 | Ferman · first_building Monastery |
| 17:35 | DGHIR | Agente P1T0 007 Cm · first_building Archery Range |
| 21:21 | Ferman · wall_segment Palisade Wall x1 |
| 21:25 | Ferman · wall_segment Palisade Wall x1 |
| 21:26 | Ferman · wall_segment Palisade Wall x1 |
| 21:30 | Ferman · wall_segment Palisade Wall x1 |
| 21:59 | DGHIR | Agente P1T0 007 Cm · first_building Monastery |
| 23:57 | Ferman · first_building Archery Range |
| 26:31 | DGHIR | Agente P1T0 007 Cm · first_building Castle |
| 27:12 | Ferman · first_market_sell 100 food |
| 27:29 | Ferman · first_building Castle |
| 29:12 | Ferman · age_up imperial |
| 30:46 | DGHIR | Agente P1T0 007 Cm · age_up imperial |
| 32:53 | DGHIR | Agente P1T0 007 Cm · first_market_buy 100 food |
| 34:22 | DGHIR | Agente P1T0 007 Cm · first_market_sell 100 wood |
| 40:35 | DGHIR | Agente P1T0 007 Cm · resign |
[ AI ANALYSIS · 1 CREDIT ]
What really happened in this match?
Wolo.gg analyzes every decision: build order, eco, micro, common mistakes by bracket. Personalized analysis on WhatsApp or Discord in 30 seconds.
Civ guide
Chinese
Perfil
Jugador #741572